 Dungeon Crawl Stone Soup version 0.20.1-1-g8b1a95d (webtiles) character file.

42989 gobwax the Peltast (level 13, -7/129 HPs)
             Began as a Minotaur Fighter on Aug 8, 2017.
             Was the Champion of Okawaru.
             Engulfed by a cloud of freezing vapour (21 damage)
             ... in an ice cave.
             The game lasted 01:01:43 (18306 turns).

gobwax the Peltast (Minotaur Fighter)              Turns: 18306, Time: 01:01:45

Health: -7/129     AC: 15    Str: 38    XL:     13   Next: 88%
Magic:  0/21       EV: 10    Int:  5    God:    Okawaru [******]
Gold:   914        SH: 16    Dex: 11    Spells: 12/12 levels left

rFire    + . .     SeeInvis .   A - +3 scimitar (flame)
rCold    x . .     Gourm    .   c - +0 shield
rNeg     . . .     Faith    .   t - +0 scale mail "Duntiacw" {-Tele rF- rCorr Str+9}
rPois    .         Spirit   +   T - +2 hat
rElec    +         Reflect  .   F - +0 cloak
rCorr    +         Harm     .   y - +1 pair of gloves of the Stag {rElec}
MR       .....     NoTele   +   B - +1 pair of boots
Stlth    ..........             J - amulet "Wezaf" {Spirit Str+4}
Regen    0.4/turn               v - ring of fire
MPRegen  0.2/turn               Q - ring of magical power

@: no status effects
A: retaliatory headbutt, horns 2, talons 2, deformed body, fire resistance 1,
robust 1, MP-powered wands
a: Heroism, Finesse, Renounce Religion


You were in an ice cave.
You worshipped Okawaru.
Okawaru was exalted by your worship.
You were not hungry.

You visited 3 branches of the dungeon, and saw 19 of its levels.
You also visited: Labyrinth and Ice Cave.

You collected 1130 gold pieces.
You spent 216 gold pieces at shops.

Inventory:

Hand Weapons
 A - a +3 scimitar of flaming (weapon)
 R - the +1 long sword of Big Damage {slice, rF++ Str+3 Dex-5}
   (Okawaru gifted it to you on level 14 of the Dungeon)

   It inflicts extra damage upon your enemies.
   It affects your strength (+3).
   It affects your dexterity (-5).
   It greatly protects you from fire.
Armour
 c - a +0 shield (worn)
 h - a +2 cloak of invisibility
 n - a cursed +0 large shield
 t - the +0 scale mail "Duntiacw" (worn) {-Tele rF- rCorr Str+9}
   (You bought it in a shop on level 14 of the Dungeon)

   It affects your strength (+9).
   It makes you vulnerable to fire.
   It prevents most forms of teleportation.
   It protects you from acid and corrosion.
 y - the +1 pair of gloves of the Stag (worn) {rElec}
   (You found it on level 5 of the Dungeon)

   It insulates you from electricity.
 B - a +1 pair of boots (worn)
 F - a +0 cloak (worn)
 S - the +4 ring mail of Zin's Pride {rN+}
   (You found it on level 2 of the Lair of Beasts)

   It protects you from negative energy.
 T - a +2 hat (worn)
Jewellery
 u - an uncursed ring of protection from magic
 v - a ring of fire (left hand)
 J - the amulet "Wezaf" (around neck) {Spirit Str+4}
   (You found it in a labyrinth)

   [amulet of guardian spirit]

   It causes incoming damage to be split between your health and magic.
   It affects your strength (+4).
 K - an uncursed ring of see invisible
 M - a +5 ring of protection {unknown}
 Q - a ring of magical power (right hand)
Wands
 C - a wand of lightning (5/15)
 I - a wand of confusion (22/48)
 N - a wand of flame (10/48)
 O - a wand of disintegration (14/24)
 Y - a wand of acid (11/15)
 Z - a wand of confusion (15/48)
Scrolls
 e - 5 scrolls of identify
 k - 7 scrolls of enchant armour
 l - 5 scrolls of teleportation
 r - 4 scrolls of magic mapping
 x - a scroll of recharging
 D - 7 scrolls of remove curse
 E - a scroll of amnesia
 U - 2 scrolls of fog
 X - 2 scrolls of blinking
Potions
 b - a potion of cancellation
 d - a potion of might
 i - 8 potions of curing
 o - 5 potions of haste
 w - 4 potions of flight
 W - 3 potions of lignification {unknown}
Books
 p - a book of Beasts

   Spells                             Type                      Level
   a - Summon Butterflies             Summoning                    1
   b - Call Canine Familiar           Summoning                    3
   c - Summon Ice Beast               Ice/Summoning                4
   d - Summon Mana Viper              Hexes/Summoning              5
   e - Summon Hydra                   Summoning                    7
Miscellaneous
 a - a box of beasts
 m - a phantom mirror
Comestibles
 f - 13 bread rations
 g - 12 meat rations
 j - 9 royal jellies
 s - 14 fruits


   Skills:
 + Level 12.0 Fighting
 - Level 14.1 Long Blades
   Level 4.0 Maces & Flails
 + Level 12.6 Armour
 * Level 17.4 Shields
 + Level 0.8 Invocations


You had 12 spell levels left.
You didn't know any spells.

Dungeon Overview and Level Annotations

Branches:
Dungeon (14/15)            Temple (1/1) D:4            Lair (4/6) D:9
 Shoals (0/4) Lair:3       Spider (0/4) Lair:2          Orc (0/2) D:11
 Vaults (0/5) D:14

Altars:
Ashenzari
Cheibriados
Dithmenos
Elyvilon
Gozag
Kikubaaqudgha
Makhleb
Nemelex Xobeh
Okawaru
Qazlal
Sif Muna
Trog
Uskayaw
Xom
Yredelemnul
Zin
The Shining One

Shops:
D:5 [((   D:10 (   D:14 [


Innate Abilities, Weirdness & Mutations

You reflexively headbutt those who attack you in melee.
You have a pair of horns on your head.
You have razor-sharp toenails.
Armour fits poorly on your strangely shaped body.
Your flesh is heat resistant. (rF+)
You are robust. (+10% HP)
You expend magic power (3 MP) to strengthen your wands.


Message History

The yak gores you but does no damage.
You slash the yak! You burn the yak.
You kill the yak!
Okawaru accepts your kill.
Things that are here:
a polar bear corpse x2
Wear which item? (? for menu, Esc to quit)
You are engulfed in freezing vapours.
Keep disrobing?
You start removing your armour.
You continue taking off your +0 cloak.
You are engulfed in freezing vapours.
You continue taking off your +0 cloak.
You are engulfed in freezing vapours.
* * * LOW HITPOINT WARNING * * *
You continue taking off your +0 cloak.
You are engulfed in freezing vapours.
* * * LOW HITPOINT WARNING * * *
You continue taking off your +0 cloak.
You are engulfed in freezing vapours.
You die...

#### #..#######
#.∩....#.## ####
##..∩.....### ###...##
###........###.#.....#
####.###.§#§#...# ###
##§.§@§# ##.§§## ##§##
###


There were no monsters in sight!

Vanquished Creatures
  A minotaur (Lab)
  Josephine (D:14)
  5 hydras
  7 two-headed ogres
  Erica (D:8)
  A wizard (D:14)
  An unseen horror (D:11)
  An oklob plant (Lair:2)
  2 deep elf magi
  4 ugly things
  A cyclops (D:13)
  3 manticores
  A black mamba (Lair:3)
  A black mamba (shapeshifter) (D:13)
  2 centaur zombies (D:12)
  An elephant (D:9)
  A merfolk siren (Lair:3)
  A gargoyle (D:12)
  5 spiny frogs
  A komodo dragon (Lair:1)
  3 polar bears
  3 meliai (D:14)
  6 trolls
  5 blink frogs (Lair:1)
  Grinder (D:6)
  2 hornets
  A blink frog (shapeshifter) (D:13)
  12 hippogriffs
  2 dream sheep (D:12)
  12 slime creatures
  The ghost of ThereIsNoGod the Slinger, an amateur HaHu of Trog (D:5)
  2 wyverns
  A vampire (D:13)
  3 redbacks
  3 shadows
  The ghost of bli the Skirmisher, an amateur DrFi of Qazlal (D:3)
  15 yaks
  6 wraiths
  3 hungry ghosts
  A steam dragon (D:10)
  Grum (D:8)
  3 basilisks
  3 vampire mosquitoes (D:12)
  An acid dragon (D:11)
  4 water moccasins
  The ghost of polve the Sneak, an amateur KoHu (D:4)
  7 porcupines
  4 ice beasts
  5 orc warriors
  5 ogres
  An eye of draining (D:12)
  2 sky beasts
  3 phantoms
  2 necrophages
  6 wolves
  2 centaurs (D:9)
  6 crocodiles
  7 big kobolds
  3 wyvern zombies
  7 bullfrogs
  A wyvern skeleton (D:13)
  5 scorpions
  9 killer bees
  3 wights (D:12)
  3 electric eels
  3 howler monkeys (D:10)
  4 lava snakes (Lab)
  2 bullfrog zombies
  4 crimson imps
  A wyvern simulacrum (D:10)
  3 jellies
  Crazy Yiuf (D:6)
  3 hounds
  16 orc wizards
  A bullfrog skeleton (D:7)
  6 orc priests
  4 centaur skeletons
  4 iguanas
  12 worker ants
  A hound zombie (D:6)
  2 hound skeletons
  A howler monkey skeleton (D:5)
  8 gnolls
  15 adders
  A shadow imp (D:8)
  12 white imps (Lair:4)
  An ooze (D:5)
  An adder zombie (D:7)
  4 worms
  3 dart slugs
  2 leopard geckos
  46 orcs
  9 bats
  5 giant cockroaches
  11 goblins
  10 hobgoblins
  6 jackals
  18 kobolds
  7 quokkas
  2 ball pythons
  2 frilled lizards
  2 quokka skeletons
  10 rats
461 creatures vanquished.

Vanquished Creatures (others)
  A minotaur (D:1)
  3 draconians (D:1)
  An octopode (D:1)
  An elf (D:1)
  A formicid (D:1)
  A vampire (D:1)
  A human (D:1)
  A yak (IceCv)
  2 centaurs (D:1)
  A mummy (D:1)
  An orc (D:4)
  2 fungi (Lair:3)
  A plant (D:12)
  12 tentacles (D:1)
29 creatures vanquished.

Grand Total: 490 creatures vanquished

Notes
Turn   | Place    | Note
-------+----------+-------------------------------------------
     0 | D:1      | gobwax the Minotaur Fighter began the quest for the Orb.
     0 | D:1      | Reached XP level 1. HP: 19/19 MP: 0/0
     0 | D:1      | Noticed a draconian
     0 | D:1      | Noticed a minotaur
     0 | D:1      | Noticed a centaur
     0 | D:1      | Noticed a centaur
     0 | D:1      | Noticed a formicid
     0 | D:1      | Noticed a vampire
     0 | D:1      | Noticed a kraken
     0 | D:1      | Noticed a draconian
     0 | D:1      | Noticed a human
     0 | D:1      | Noticed an elf
     0 | D:1      | Noticed an octopode
     0 | D:1      | Noticed a draconian
     4 | D:1      | Killed a centaur
     6 | D:1      | Killed an elf
     6 | D:1      | Killed an octopode
     6 | D:1      | Killed a draconian
     7 | D:1      | Killed a human
     8 | D:1      | Killed a formicid
    13 | D:1      | Killed a minotaur
    16 | D:1      | Killed a draconian
    20 | D:1      | Killed a draconian
    21 | D:1      | Killed a centaur
    21 | D:1      | Killed a vampire
   165 | D:1      | Reached XP level 2. HP: 26/26 MP: 1/1
   226 | D:1      | Reached XP level 3. HP: 31/31 MP: 2/2
   643 | D:2      | Reached skill level 5 in Long Blades
   764 | D:2      | Reached XP level 4. HP: 34/39 MP: 3/3
  1255 | D:3      | You fall through a shaft for 2 floors!
  1255 | D:5      | Entered Level 5 of the Dungeon
  1307 | D:5      | Noticed an ice beast
  1317 | D:5      | Killed an ice beast
  1317 | D:5      | Reached XP level 5. HP: 37/45 MP: 4/4
  1323 | D:5      | Noticed ThereIsNoGod's ghost (amateur HaHu)
  1337 | D:5      | Killed ThereIsNoGod's ghost
  1337 | D:5      | Reached XP level 6. HP: 44/51 MP: 5/5
  1346 | D:5      | Got a crystal whip
  1347 | D:5      | Identified the +6 whip "Yra Zig" {slash, Str+4} (You found it on level 5 of the Dungeon)
  1385 | D:5      | Found Lusuc's Antique Weapon Shop.
  1419 | D:5      | Noticed a sky beast
  1429 | D:5      | Killed a sky beast
  1429 | D:5      | Reached XP level 7. HP: 47/57 MP: 4/6
  1443 | D:5      | Reached skill level 1 in Maces & Flails
  1451 | D:5      | Found Meifow's Antique Weapon Shop.
  1461 | D:5      | Gained mutation: Your magical capacity is low. (-10% MP) [mutagenic meat]
  1462 | D:5      | Gained mutation: Your spells are a little harder to cast, but a little more powerful. [mutagenic meat]
  1463 | D:5      | Gained mutation: You tend to lose your temper in combat. [mutagenic meat]
  1464 | D:5      | Gained mutation: Scrolls take you a little longer to read. [mutagenic meat]
  1540 | D:5      | Reached skill level 10 in Long Blades
  1629 | D:5      | Found Lyqacane's Antique Armour Boutique.
  1718 | D:5      | Got a pair of translucent gloves
  1724 | D:5      | Identified the +1 pair of gloves of the Stag {rElec} (You found it on level 5 of the Dungeon)
  2215 | D:4      | Reached XP level 8. HP: 61/64 MP: 4/6
  2374 | D:4      | Noticed polve's ghost (amateur KoHu)
  2411 | D:4      | Killed polve's ghost
  2543 | D:4      | Found a staircase to the Ecumenical Temple.
  3221 | D:3      | Noticed bli's ghost (amateur DrFi)
  3249 | D:3      | Killed bli's ghost
  3531 | D:3      | Found a bloodstained altar of Trog.
  4081 | D:6      | Found a runed door.
  4121 | D:6      | Noticed Grinder
  4135 | D:6      | Killed Grinder
  4152 | D:6      | Reached XP level 9. HP: 61/70 MP: 7/7
  4208 | D:6      | Reached skill level 4 in Shields
  4502 | D:6      | Found a glowing silver altar of Zin.
  4503 | D:6      | Noticed an angel
  4612 | D:6      | Noticed Crazy Yiuf
  4619 | D:6      | Killed Crazy Yiuf
  4619 | D:6      | Reached skill level 5 in Shields
  4698 | D:7      | Found a shattered altar of Ashenzari.
  4966 | D:7      | Reached skill level 5 in Armour
  5390 | D:8      | Noticed a two-headed ogre
  5399 | D:8      | Killed a two-headed ogre
  5399 | D:8      | Reached skill level 5 in Fighting
  5399 | D:8      | Reached skill level 7 in Shields
  5582 | D:8      | Gained mutation: You are frail. (-10% HP) [mutagenic meat]
  5584 | D:8      | Gained mutation: You are covered in fur. (AC +1) [mutagenic meat]
  5767 | D:8      | Noticed Erica
  5781 | D:8      | Killed Erica
  5781 | D:8      | Reached skill level 8 in Shields
  5781 | D:8      | Reached XP level 10. HP: 74/74 MP: 3/8
  5912 | D:8      | Found a white marble altar of Elyvilon.
  6242 | D:8      | Noticed Grum
  6257 | D:8      | Killed Grum
  6600 | Temple   | Entered the Ecumenical Temple
  6709 | Temple   | Became a worshipper of Warmaster Okawaru
  7069 | D:9      | Found a staircase to the Lair.
  7069 | D:9      | Noticed an elephant
  7078 | D:9      | Killed an elephant
  7078 | D:9      | Reached * piety under Okawaru
  7089 | D:9      | Reached skill level 9 in Shields
  7264 | D:9      | Reached ** piety under Okawaru
  7634 | D:10     | Entered Level 10 of the Dungeon
  7698 | D:10     | Reached XP level 11. HP: 62/82 MP: 8/8
  7726 | D:10     | Reached skill level 10 in Shields
  8103 | D:10     | Noticed a two-headed ogre
  8110 | D:10     | Killed a two-headed ogre
  8335 | D:10     | Noticed a two-headed ogre
  8343 | D:10     | Killed a two-headed ogre
  8343 | D:10     | Reached *** piety under Okawaru
  8438 | D:10     | Reached skill level 11 in Shields
  8573 | D:10     | Found Goymmiak's Weapon Emporium.
  8758 | D:11     | Noticed a cyan ugly thing
  8762 | D:11     | Killed a cyan ugly thing
  8766 | D:11     | Lost mutation: You tend to lose your temper in combat. [mutagenic meat]
  8888 | D:11     | Reached **** piety under Okawaru
  8930 | D:11     | Reached skill level 12 in Shields
  8950 | D:11     | Killed an unseen horror
  9532 | D:11     | Found a staircase to the Orcish Mines.
  9608 | D:12     | Found a labyrinth entrance.
  9624 | Lab      | Entered a labyrinth
  9837 | Lab      | Lost mutation: You are frail. (-10% HP) [potion of mutation]
  9837 | Lab      | Lost mutation: Your spells are a little harder to cast, but a little more powerful. [potion of mutation]
  9837 | Lab      | Lost mutation: Your magical capacity is low. (-10% MP) [potion of mutation]
  9837 | Lab      | Lost mutation: Scrolls take you a little longer to read. [potion of mutation]
  9837 | Lab      | Lost mutation: You are covered in fur. (AC +1) [potion of mutation]
  9837 | Lab      | Gained mutation: You are partially covered in rugged brown scales. (AC +1, +3% HP) [potion of mutation]
  9837 | Lab      | Gained mutation: Your mind is acute. (Int +2) [potion of mutation]
  9838 | Lab      | Lost mutation: You are partially covered in rugged brown scales. (AC +1, +3% HP) [potion of mutation]
  9838 | Lab      | Lost mutation: Your mind is acute. (Int +2) [potion of mutation]
  9838 | Lab      | Lost intelligence.
  9838 | Lab      | Gained mutation: You are dopey. (Int -2) [potion of mutation]
  9838 | Lab      | Gained mutation: You are resistant to hostile enchantments. (MR+) [potion of mutation]
  9838 | Lab      | Gained mutation: You are partially covered in rugged brown scales. (AC +1, +3% HP) [potion of mutation]
  9838 | Lab      | Gained mutation: You possess an exceptional clarity of mind. [potion of mutation]
  9842 | Lab      | Lost mutation: You are partially covered in rugged brown scales. (AC +1, +3% HP) [potion of mutation]
  9842 | Lab      | Lost mutation: You are dopey. (Int -2) [potion of mutation]
  9842 | Lab      | Gained mutation: You are occasionally teleported next to monsters. [potion of mutation]
  9842 | Lab      | Gained mutation: You are partially covered in thin metallic scales. (AC +2) [potion of mutation]
  9843 | Lab      | Lost mutation: You possess an exceptional clarity of mind. [potion of mutation]
  9843 | Lab      | Lost mutation: You are resistant to hostile enchantments. (MR+) [potion of mutation]
  9843 | Lab      | Lost mutation: You are occasionally teleported next to monsters. [potion of mutation]
  9843 | Lab      | Lost mutation: You are partially covered in thin metallic scales. (AC +2) [potion of mutation]
  9843 | Lab      | Gained mutation: Armour fits poorly on your strangely shaped body. [potion of mutation]
  9843 | Lab      | Gained mutation: You have sharp toenails. [potion of mutation]
 10154 | Lab      | Noticed a minotaur
 10161 | Lab      | Killed a minotaur
 10161 | Lab      | Reached ***** piety under Okawaru
 10175 | Lab      | Got a shimmering steel amulet
 10187 | Lab      | Identified the amulet "Wezaf" {Spirit Str+4} (You found it in a labyrinth)
 10450 | D:12     | Noticed a two-headed ogre
 10456 | D:12     | Reached skill level 13 in Shields
 10460 | D:12     | Killed a two-headed ogre
 10460 | D:12     | Reached skill level 10 in Armour
 10460 | D:12     | Reached XP level 12. HP: 67/104 MP: 11/11
 10784 | D:12     | Received a gift from Okawaru
 11249 | D:12     | Noticed a two-headed hydra
 11252 | D:12     | Reached skill level 14 in Shields
 11254 | D:12     | Killed a one-headed hydra
 11369 | D:12     | Reached skill level 10 in Fighting
 12434 | D:13     | Reached skill level 15 in Shields
 13426 | D:14     | Paralysed by a hornet for 1 turns
 13437 | D:14     | Noticed a two-headed ogre
 13449 | D:14     | Killed a two-headed ogre
 13449 | D:14     | Received a gift from Okawaru
 13450 | D:14     | Got a brightly glowing long sword {god gift}
 13461 | D:14     | Identified the +1 long sword of Big Damage {slice, rF++ Str+3 Dex-5} (Okawaru gifted it to you on level 14 of the Dungeon)
 13500 | D:14     | Noticed Josephine
 13533 | D:14     | Reached XP level 13. HP: 33/115 MP: 3/12
 13553 | D:13     | Gained mutation: You expend magic power (3 MP) to strengthen your wands. [mutagenic meat]
 13554 | D:13     | Gained mutation: Your flesh is heat resistant. (rF+) [mutagenic meat]
 13555 | D:13     | Gained mutation: You are robust. (+10% HP) [mutagenic meat]
 13556 | D:13     | Gained mutation: You have razor-sharp toenails. [mutagenic meat]
 13946 | D:14     | Found a gate to the Vaults.
 14045 | D:14     | Found Assat's Antique Armour Emporium.
 14266 | D:14     | Killed Josephine
 14661 | D:14     | Bought an encrusted scale mail for 216 gold pieces
 14671 | D:14     | Identified the cursed +0 scale mail "Duntiacw" {-Tele rF- rCorr Str+9} (You bought it in a shop on level 14 of the Dungeon)
 15078 | Lair:1   | Entered Level 1 of the Lair of Beasts
 15216 | Lair:1   | Received a gift from Okawaru
 15216 | Lair:1   | Reached skill level 16 in Shields
 15801 | Lair:1   | Identified a scroll of acquirement
 16328 | Lair:2   | Found a hole to the Spider Nest.
 16399 | Lair:2   | Got a smoking ring mail
 16411 | Lair:2   | Identified the +4 ring mail of Zin's Pride {rN+} (You found it on level 2 of the Lair of Beasts)
 16884 | Lair:2   | Reached ****** piety under Okawaru
 17314 | Lair:3   | Reached skill level 17 in Shields
 17436 | Lair:3   | Found a staircase to the Shoals.
 17961 | Lair:4   | Found a frozen archway.
 18100 | IceCv    | Entered an ice cave
 18293 | IceCv    | Received a gift from Okawaru
 18306 | IceCv    | Engulfed by a cloud of freezing vapour

Skill      XL: |  1  2  3  4  5  6  7  8  9 10 11 12 13 |
---------------+----------------------------------------+-----
Long Blades    | 3 4 5 7 8 9 10 13 14 | 14.1
Maces & Flails | 2 4 |  4.0
Shields        | 8 9 13 15 17 | 17.4
Armour         | 7 8 10 11 12 | 12.6
Fighting       | 6 7 9 10 12 | 12.0
Invocations    | |  0.8

Action                   |  1- 3 |  4- 6 |  7- 9 | 10-12 | 13-15 || total
-------------------------+-------+-------+-------+-------+-------++-------
Melee: Long sword        |    59 |    57 |       |    22 |   153 ||   291
       Headbutt          |     8 |    13 |    62 |   160 |    85 ||   328
       Whip              |       |    21 |   336 |     1 |       ||   358
       Scimitar          |       |       |       |   693 |   158 ||   851
Invok: Heroism           |       |       |       |     2 |       ||     2
       Finesse           |       |       |       |     1 |       ||     1
Evoke: Box of beasts     |       |       |       |     1 |       ||     1
  Use: Scroll            |       |     8 |     2 |    15 |     7 ||    32
       Potion            |       |       |    14 |    12 |     1 ||    27
 Stab: Invisible         |       |       |     2 |       |       ||     2
       Fleeing           |       |       |       |     1 |       ||     1
       Distracted        |       |       |       |       |     1 ||     1
  Eat: Chunk             |       |     2 |    21 |    20 |    17 ||    60
       Royal jelly       |       |       |     2 |       |       ||     2
       Meat ration       |       |       |       |     1 |       ||     1
       Fruit             |       |       |       |     2 |     3 ||     5
Armor: Scale mail        |    13 |    22 |   122 |   134 |    65 ||   356
       Ring mail         |    18 |     8 |       |       |       ||    26
       Plate armour      |       |       |       |    64 |    39 ||   103
Dodge: Dodged            |    20 |    23 |    60 |   186 |    84 ||   373
Block: Shield            |    32 |    34 |   109 |   352 |   220 ||   747
       Rpst.: Long sword |     6 |     9 |       |       |     2 ||    17
       Scimitar          |       |       |       |    45 |    15 ||    60
